 Dungeon Crawl Stone Soup version 0.28.0-62-gf88900778d (webtiles) character file.

Game seed: 5283203258417905904

3302 Coron the Protected (level 9, -4/82 HPs)
             Began as a Deep Dwarf Fighter on Mar 16, 2023.
             Was an Elder of Cheibriados.
             Slain by a balrug
             ... wielding a +1 vampiric demon whip
              (18 damage)
             ... on level 2 of the Abyss.
             The game lasted 00:29:46 (7194 turns).

Coron the Protected (Deep Dwarf Fighter)            Turns: 7194, Time: 00:29:46

Health: -4/82      AC: 17    Str: 34    XL:     9   Next: 70%
Magic:  23/23 (14) EV: 10    Int: 19    God:    Cheibriados [****..]
Gold:   339        SH:  6    Dex: 22    Spells: 13/16 levels left

rFire   . . .      SeeInvis .   a - +0 war axe
rCold   . . .      Faith    .   c - +0 buckler
rNeg    . . .      Spirit   .   m - +0 chain mail
rPois   .          Reflect  .   (no helmet)
rElec   .          Harm     .   (no cloak)
rCorr   .          Rampage  .   z - +0 pair of gloves
Will    +....                   y - +0 pair of boots
Stlth   ..........              (no amulet)
HPRegen 0.00/turn               j - ring of magical power
MPRegen 0.18/turn               w - +4 ring of protection

@: very slow
A: damage resistance, heal wounds, sense surroundings 2, no regeneration
a: Heal Wounds, Renounce Religion, Bend Time, Temporal Distortion, Slouch


You were on level 2 of the Abyss.
You worshipped Cheibriados.
Cheibriados was greatly pleased with you.
You visited 2 branches of the dungeon, and saw 8 of its levels.
You visited the Abyss 1 time.

You collected 339 gold pieces.

Inventory:

Hand Weapons
 a - a +0 war axe (weapon)
Missiles
 g - 157 arrows
 h - 49 sling bullets
 i - 223 stones (quivered)
 n - 67 bolts
 A - 14 poisoned darts
Armour
 b - a +0 scale mail
 c - a +0 buckler (worn)
 d - a +0 ring mail
 m - a +0 chain mail (worn)
 q - a +0 leather armour
 y - a +0 pair of boots (worn)
 z - a +0 pair of gloves (worn)
Jewellery
 j - a ring of magical power (left hand)
 v - a ring of positive energy
 w - a +4 ring of protection (right hand)
 D - a ring of willpower
Wands
 k - a wand of polymorph (11)
 s - a wand of paralysis (3)
 B - a wand of digging (2)
 E - a wand of mindburst (13)
Scrolls
 e - 3 scrolls of teleportation
 f - a scroll of holy word {unknown}
 p - a scroll of immolation {unknown}
 t - a scroll of magic mapping {unknown}
 F - a scroll of enchant armour {unknown}
Potions
 l - 3 potions of attraction
 o - a potion of curing {unknown}
 r - a potion of might
 u - a potion of heal wounds {unknown}
 x - a potion of mutation {unknown}
 C - a potion of lignification {unknown}


   Skills:
 - Level 6.0 Fighting
 - Level 5.0 Axes
 - Level 8.0 Armour
 - Level 2.0 Dodging
 - Level 5.0 Shields
 - Level 4.0 Spellcasting
 + Level 7.9 Necromancy


You had 13 spell levels left.
You knew the following spells:

 Your Spells              Type           Power      Damage    Failure   Level
a - Vampiric Draining     Necr           34%        2d8       8%          3

Your spell library contained the following spells:

 Spells                   Type           Power      Damage    Failure   Level
 Shock                    Conj/Air       12%        1d3       54%         1
 Slow                     Hex            12%        N/A       54%         1
 Ensorcelled Hibernation  Hex/Ice        6%         N/A       67%         2
 Passwall                 Tmut/Erth      2%         N/A       67%         2
 Anguish                  Hex/Necr       9%         N/A       77%         4
 Confusing Touch          Hex            3%         N/A       88%         3
 Ozocubu's Armour         Ice            3%         N/A       88%         3
 Swiftness                Air            3%         N/A       88%         3
 Tukima's Dance           Hex            3%         N/A       88%         3
 Airstrike                Air            1%         N/A       99%         4
 Metabolic Englaciation   Hex/Ice        1%         N/A       100%        5
 Simulacrum               Ice/Necr       9%         N/A       100%        6
 Enfeeble                 Hex            1%         N/A       100%        7


Dungeon Overview and Level Annotations

Branches:
Dungeon (7/15)             Temple (1/1) D:4

Altars:
Ashenzari
Cheibriados
Dithmenos
Elyvilon
Fedhas
Gozag
Hepliaklqana
Kikubaaqudgha
Makhleb
Nemelex Xobeh
Okawaru
Qazlal
Ru
Sif Muna
Uskayaw
Vehumet
Wu Jian
Xom
Yredelemnul
Zin
The Shining One

Shops:
D:2 *

Annotations:
D:5 1 runed translucent door, exclusion: door, sigtrap's ghost, novice DjCj


Innate Abilities, Weirdness & Mutations

You are resistant to damage.
You can heal yourself by infusing magical energy.
You passively map the area around you.
You do not regenerate.


Message History

The small abomination is almost destroyed.
You block the small abomination's attack.
You slash the small abomination!
You destroy the small abomination!
That felt strangely unrewarding.
You feel much better.
A white imp comes into view.
A tentacled starspawn comes into view.
As you read the scroll of teleportation, it crumbles to dust.
You feel strangely unstable.
You feel the power of the Abyss delaying your translocation!
Tentacles burst from the starspawn's body! 2 starspawn tentacles come into view.
The starspawn tentacle grabs you. The starspawn tentacle constricts you.
You escape the starspawn tentacle's grasp.
You block the starspawn tentacle's attack.
A tentacle flies out from the starspawn's body!
The starspawn tentacle barely misses you.
A starspawn tentacle comes into view.
The tentacled starspawn completely misses you.
The tentacled starspawn closely misses you.
The tentacled starspawn bites you!
The tentacled starspawn tentacle-slaps you but does no damage.
A tentacle flies out from the starspawn's body!
A starspawn tentacle comes into view.
The starspawn tentacle grabs you. The starspawn tentacle constricts you.
You escape the starspawn tentacle's grasp.
You block the tentacled starspawn's attack.
The tentacled starspawn tentacle-slaps you but does no damage.
You are suddenly pulled into a different region of the Abyss!
Okay, then.
A balrug comes into view.
It is wielding a +1 vampiric demon whip.
The balrug shouts!
A starcursed mass comes into view.
The starcursed mass shrieks in your mind.
The balrug hits you with a +1 vampiric demon whip!
You are engulfed in flames!!
* * * LOW HITPOINT WARNING * * *
The balrug hits you with a +1 vampiric demon whip!!
You die...

## #. . #..
.. 2. #..
.## ...##
#.##
#..##..#
#.2#.# # ##
#@..#
#.#.##..##
#.X.X####
#...#.....#
#####.....#
#..#.. .###
#.#...#....
##......##.#
#..#..#.#.#.


You could see a starcursed mass and a balrug.

Vanquished Creatures
  Pikel (D:6)
  7 yaks
  A steam dragon (D:7)
  2 water moccasins
  An acid dragon (D:6)
  An orc warrior (D:7)
  3 ogres
  A black bear (D:6)
  A phantom (D:6)
  A lemure (D:6)
  A gnoll sergeant (D:6)
  2 kobold brigands (D:5)
  A scorpion (D:4)
  A small abomination (Abyss:2)
  4 wights (D:7)
  A crimson imp (D:6)
  A centaur zombie (D:6)
  2 hounds
  An orc priest (D:4)
  A jelly (D:7)
  2 centaur skeletons
  2 orc wizards
  A hound skeleton (D:5)
  7 gnolls
  2 adders (D:4)
  2 white imps
  An ufetubus (D:7)
  An adder skeleton (D:4)
  2 worms
  A dart slug (D:1)
  5 orcs
  3 bats
  5 endoplasms
  5 giant cockroaches
  7 goblins
  10 hobgoblins
  13 kobolds
  A quokka (D:3)
  5 ball pythons
  A frilled lizard (D:2)
  8 rats
118 creatures vanquished.

Vanquished Creatures (others)
  An orc (D:7)
  A kobold (D:4)
  3 starspawn tentacles (Abyss:2)
  8 toadstools (D:5)
13 creatures vanquished.

Grand Total: 131 creatures vanquished

Notes
Turn   | Place    | Note
-------+----------+-------------------------------------------
     0 | D:1      | Coron the Deep Dwarf Fighter began the quest for the Orb.
     0 | D:1      | Reached XP level 1. HP: 20/20 MP: 1/1
   118 | D:1      | Found a faded altar of an unknown god.
   122 | D:1      | Prayed at the altar of an unknown god.
   122 | D:1      | Became a worshipper of Cheibriados the Contemplative
   122 | D:1      | Reached * piety under Cheibriados
   227 | D:1      | Reached XP level 2. HP: 25/27 MP: 2/2
   995 | D:2      | Reached ** piety under Cheibriados
  1094 | D:2      | Reached XP level 3. HP: 22/34 MP: 3/3
  1500 | D:2      | Found Itiufaet's General Store.
  2195 | D:4      | Noticed a scorpion
  2202 | D:4      | Reached skill level 4 in Armour
  2204 | D:4      | Killed a scorpion
  2204 | D:4      | Reached *** piety under Cheibriados
  2205 | D:4      | Reached XP level 4. HP: 22/42 MP: 6/6
  2209 | D:4      | Learned a level 3 spell: Vampiric Draining
  2421 | D:4      | Noticed an ogre
  2481 | D:4      | Reached skill level 1 in Necromancy
  2481 | D:4      | Reached XP level 5. HP: 21/49 MP: 7/7
  2604 | D:4      | Killed an ogre
  2605 | D:4      | Reached XP level 6. HP: 22/56 MP: 8/8
  2644 | D:4      | Found a shadowy altar of Dithmenos.
  2898 | D:4      | Found a shimmering blue altar of Sif Muna.
  3110 | D:4      | Found a staircase to the Ecumenical Temple.
  3119 | Temple   | Entered the Ecumenical Temple
  3454 | D:5      | Entered Level 5 of the Dungeon
  3608 | D:5      | Noticed a water moccasin
  3623 | D:5      | Killed a water moccasin
  3624 | D:5      | Reached skill level 5 in Necromancy
  3918 | D:5      | Reached skill level 5 in Armour
  3918 | D:5      | Reached XP level 7. HP: 23/62 MP: 8/9
  4118 | D:5      | Found an iron altar of Okawaru.
  4174 | D:5      | Identified the +0 leather armour "Hejun" {-Cast rElec rC+
                  | Stlth+}
  4251 | D:5      | Found a runed translucent door.
  4255 | D:5      | Noticed sigtrap's ghost (novice DjCj)
  4376 | D:5      | Reached **** piety under Cheibriados
  4674 | D:5      | Reached skill level 6 in Armour
  4875 | D:5      | Noticed a slime creature
  5056 | D:6      | Noticed a yak
  5056 | D:6      | Noticed a yak
  5057 | D:6      | Noticed a yak
  5063 | D:5      | Killed a yak
  5091 | D:5      | Killed a yak
  5092 | D:5      | Reached XP level 8. HP: 69/69 MP: 9/11
  5378 | D:6      | Noticed Pikel
  5389 | D:6      | Killed Pikel
  5390 | D:6      | Reached skill level 7 in Armour
  5390 | D:6      | Reached skill level 5 in Axes
  5390 | D:6      | Reached skill level 5 in Fighting
  5391 | D:6      | Reached skill level 5 in Shields
  5500 | D:6      | Found a hide-covered altar of Uskayaw.
  5848 | D:6      | Gained mutation: You passively map the area around you.
                  | [Deep Dwarf growth]
  5848 | D:6      | Reached XP level 9. HP: 66/81 MP: 11/12
  6062 | D:6      | Found a hazy altar of Hepliaklqana.
  6500 | D:6      | Reached skill level 8 in Armour
  6519 | D:6      | Reached skill level 1 in Dodging
  7061 | D:7      | Noticed a wizard
  7061 | D:7      | Cast into level 2 of the Abyss (a wizard)
  7142 | Abyss:2  | Noticed a tentacled starspawn
  7191 | Abyss:2  | Noticed a balrug
  7193 | Abyss:2  | Noticed a starcursed mass
  7194 | Abyss:2  | Slain by a balrug

Illustrated notes

Levels and vault maps discovered:
D:1:      minmay_arrival_up_and_down, layout_basic,
          hellmonk_ecumenical_altar_heavens_door, minmay_misc_feat_hallway
D:2:      layout_basic, serial_shops, nicolae_square_shop,
          chequers_serial_rivers_micro_b
D:3:      layout_basic
D:4:      layout_gridville, lemuel_blue_sif_altar, kennysheep_little_box,
          lemuel_temple_firewalk_b
D:5:      cheibrodos_fertilizer, layout_loops_corners,
          okawaru_altar_gauntlet_db, gammafunk_ghost_grave
D:6:      layout_loops_ring, kennysheep_mini,
          mainiacjoe_overflow_small_starburst, minmay_fire_ice_demons,
          uniq_pikel
D:7:      cheibrodos_wizards_tower, layout_loops_ring,
          mainiacjoe_overflow_brackets
Temple:   eino_temple_scatter_basement
Abyss:2:  base: D:5, evilmike_abyss_exit_chaos, evilmike_abyss_exit_chaos

Skill      XL: |  1  2  3  4  5  6  7  8  9 |
---------------+----------------------------+-----
Fighting       | 3 5 6 |  6.0
Axes           | 3 4 5 |  5.0
Shields        | 4 5 |  5.0
Armour         | 4 5 6 7 8 |  8.0
Spellcasting   | 2 3 4 |  4.0
Necromancy     | 1 4 5 6 7 |  7.9
Dodging        | 2 |  2.0

Action                   |  1- 3 |  4- 6 |  7- 9 || total
-------------------------+-------+-------+-------++-------
Melee: War axe           |   134 |    46 |   133 ||   313
Throw: Stone             |    13 |       |       ||    13
 Cast: Vampiric Draining |       |    17 |    73 ||    90
Invok: Bend Time         |       |     1 |       ||     1
 Abil: Heal Wounds       |     2 |     2 |     3 ||     7
  Use: Scroll            |     1 |       |     4 ||     5
       Potion            |     1 |       |     1 ||     2
Armor: Scale mail        |    53 |    21 |    24 ||    98
       Leather armour    |       |     6 |       ||     6
       Ring mail         |       |       |    52 ||    52
       Chain mail        |       |       |    51 ||    51
Dodge: Dodged            |    52 |    33 |   113 ||   198
Block: Buckler           |    34 |    22 |    77 ||   133
